 Dungeon Crawl Stone Soup version 0.26.1-11-gd32895ea62 (webtiles) character file.

Game seed: 3189936123896515853

1669 nightchill the Spear-Bearer (level 9, -1/109 HPs)
             Began as a Merfolk Fighter on Apr 20, 2021.
             Was an Initiate of Gozag.
             Slain by a hornet (6 damage)
             ... on level 6 of the Dungeon.
             The game lasted 00:12:47 (7161 turns).

nightchill the Spear-Bearer (Merfolk Fighter)       Turns: 7161, Time: 00:12:47

Health: -1/109     AC:  6    Str: 16    XL:     9   Next: 1%
Magic:  9/9        EV:  7    Int: 11    God:    Gozag
Gold:   250        SH: 14    Dex: 13    Spells: 8/8 levels left

rFire    + . .     SeeInvis .   a - +0 trident
rCold    + . .     Faith    .   c - +0 kite shield
rNeg     . . .     Spirit   .   m - +0 ring mail {rF+}
rPois    .         Reflect  +   (no helmet)
rElec    .         Harm     .   (no cloak)
rCorr    .         Rampage  .   i - +0 pair of gloves
Will     .....                  (no boots)
Stlth    ..........             n - amulet of reflection
HPRegen  0.28/turn              x - ring of protection from cold
MPRegen  0.11/turn              (no ring)

@: berserking (expiring), lethally poisoned (-1 -> -20), slowed
A: change form in water, swift swim, stealthy swim
a: Renounce Religion, Potion Petition, Call Merchant, Bribe Branch


You were on level 6 of the Dungeon.
You worshipped Gozag.
Gozag was aware of your devotion.
You visited 2 branches of the dungeon, and saw 8 of its levels.

You collected 311 gold pieces.
You paid 61 gold pieces to Gozag.

Inventory:

Hand Weapons
 a - a +0 trident (weapon)
Missiles
 g - 5 boomerangs (quivered)
Armour
 c - a +0 kite shield (worn)
 i - a +0 pair of gloves (worn)
 m - a +0 ring mail of fire resistance (worn)
Jewellery
 n - an amulet of reflection (around neck)
 x - a ring of protection from cold (left hand)
Wands
 d - a wand of iceblast (6)
 y - a wand of paralysis (10)
Scrolls
 b - a scroll of enchant weapon {unknown}
 e - 2 scrolls of amnesia
 f - a scroll of identify
 h - a scroll of enchant armour
 k - a scroll of fear
 l - a scroll of teleportation
 q - 3 scrolls of fog
 t - a scroll of magic mapping
 C - a scroll of blinking {unknown}
Potions
 o - 3 potions of haste
 p - a potion of heal wounds
 r - a potion of lignification
 s - a potion of invisibility
 u - a potion of magic {unknown}
 v - 2 potions of ambrosia {unknown}
 w - a potion of berserk rage
 z - a potion of curing {unknown}
 A - a potion of mutation {unknown}
 D - 2 potions of attraction {unknown}


   Skills:
 + Level 7.7 Fighting
 * Level 12.8 Polearms
 - Level 2.1 Armour
 - Level 3.0 Shields


You had 8 spell levels left.
You didn't know any spells.
Your spell library contained the following spells:

 Spells                   Type           Power        Failure   Level
 Magic Dart               Conj           0%           97%         1
 Searing Ray              Conj           0%           99%         2
 Dazzling Flash           Conj/Hex       0%           100%        3
 Fulminant Prism          Conj/Hex       0%           100%        4
 Iskenderun's Mystic Bla  Conj/Tloc      0%           100%        4


Dungeon Overview and Level Annotations

Branches:
Dungeon (7/15)             Temple (1/1) D:6

Altars:
Ashenzari
Cheibriados
Elyvilon
Fedhas
Gozag
Hepliaklqana
Makhleb
Okawaru
Qazlal
Ru
Sif Muna
Trog
Uskayaw
Vehumet
Xom
The Shining One

Shops:
D:4 [


Message History

You completely miss the hornet.
The hornet is severely wounded.
The hornet stings you!
* * * LOW HITPOINT WARNING * * *
You are lethally poisoned!
You feel as though you will be slow longer.
You completely miss the hornet.
The hornet is severely wounded.
* * * LOW HITPOINT WARNING * * *
You feel sick. The hornet stings you.
* * * LOW HITPOINT WARNING * * *
You are more poisoned.
You feel as though you will be slow longer.
Okay, then.
You puncture the hornet!
The hornet is almost dead.
* * * LOW HITPOINT WARNING * * *
You feel sick. The hornet stings you.
You die...
Your body crumbles into a pile of gold.

#......# #.# #.#.#
#......# #.# #.#.#
#......# #.# #.#.#
#......# #.# #...#
######.# #.# ###.#
######.# #.# #.#
....##.# #.# #.#
....##.############.#
#.#
...............y@##.#
#.#
....##.#########.##.#
#.# ....##.# #.##.#
#.# ....##+### #.##.#
#.# .........#
#.##.#########.#
.........#
#.##...........#
####.....#
#.##############
####.....#######.#
...###...##......#


You could see a hornet.

Vanquished Creatures
  A sky beast (D:6)
  An ogre (D:4)
  A phantom (D:4)
  2 centaurs
  A bullfrog (D:6)
  A scorpion (D:4)
  A howler monkey (D:4)
  5 wights (D:6)
  A bullfrog zombie (D:5)
  4 orc priests
  2 hounds (D:5)
  5 orc wizards
  A centaur skeleton (D:6)
  3 iguanas
  4 worker ants
  A hound zombie (D:6)
  3 hound skeletons
  A howler monkey zombie (D:5)
  8 adders
  3 white imps
  2 ufetubi (D:5)
  4 oozes
  2 adder skeletons
  2 dart slugs (D:1)
  8 leopard geckos
  32 orcs
  2 ball pythons
  8 bats
  8 giant cockroaches
  8 hobgoblins
  11 jackals
  6 kobolds
  3 quokkas
  6 frilled lizards
  11 goblins
  8 rats
170 creatures vanquished.

Vanquished Creatures (others)
  5 plants (D:4)
5 creatures vanquished.

Grand Total: 175 creatures vanquished

Notes
Turn   | Place    | Note
-------+----------+-------------------------------------------
     0 | D:1      | nightchill the Merfolk Fighter began the quest for the Orb.
     0 | D:1      | Reached XP level 1. HP: 18/18 MP: 1/1
    77 | D:1      | Reached XP level 2. HP: 18/24 MP: 2/2
   174 | D:1      | Reached skill level 4 in Polearms
   337 | D:1      | Reached XP level 3. HP: 30/30 MP: 3/3
   729 | D:1      | Reached skill level 5 in Polearms
   972 | D:2      | Reached XP level 4. HP: 24/37 MP: 4/4
  1590 | D:3      | Reached skill level 6 in Polearms
  1609 | D:3      | Found an iron altar of Okawaru.
  1894 | D:3      | Reached XP level 5. HP: 16/43 MP: 5/5
  2658 | D:3      | Reached skill level 7 in Polearms
  2927 | D:4      | Noticed an ogre
  2938 | D:4      | Killed an ogre
  2939 | D:4      | Reached skill level 5 in Fighting
  2939 | D:4      | Reached XP level 6. HP: 51/51 MP: 6/6
  3069 | D:4      | Found Saschafemm's Armour Boutique.
  3109 | D:4      | Reached skill level 8 in Polearms
  3199 | D:4      | Reached XP level 7. HP: 46/56 MP: 7/7
  3401 | D:4      | Reached skill level 9 in Polearms
  3662 | D:4      | Found a hazy altar of Hepliaklqana.
  4206 | D:5      | Entered Level 5 of the Dungeon
  4269 | D:5      | Reached skill level 10 in Polearms
  4712 | D:5      | Reached XP level 8. HP: 53/65 MP: 8/8
  5638 | D:6      | Reached skill level 11 in Polearms
  6039 | D:6      | Found a staircase to the Ecumenical Temple.
  6190 | Temple   | Entered the Ecumenical Temple
  6244 | Temple   | Became a worshipper of Gozag Ym Sagoz the Greedy
  6560 | D:6      | Reached skill level 12 in Polearms
  7106 | D:7      | Reached XP level 9. HP: 66/73 MP: 9/9
  7143 | D:7      | Noticed a hornet
  7154 | D:6      | Paralysed by a hornet for 2 turns
  7161 | D:6      | HP: 5/109 [poisoned by a hornet]
  7161 | D:6      | Slain by a hornet

Illustrated notes

Levels and vault maps discovered:
D:1:      amcnicky_arrival_flooded_fountain, layout_loops_ring,
          corexii_corridor_pit, minmay_pentomino_x2
D:2:      layout_rooms
D:3:      layout_basic, nicolae_overflow_crystal_walls, portal_sewer_entry_f,
          minmay_bisected
D:4:      cheibrodos_old_hovel, layout_gridville, lemuel_coloured_pillars_altar,
          serial_shops, nicolae_shop_crystal
D:5:      layout_gridville
D:6:      layout_basic, minmay_temple_entry_stoned_glass
D:7:      layout_cave_pods, zin_academy, kennysheep_nondescript,
          minmay_misc_feat_five
Temple:   zaba_magenta_temple

Skill      XL: |  1  2  3  4  5  6  7  8 |
---------------+-------------------------+-----
Polearms       | 4 5 6 7 8 10 12 | 12.8
Fighting       | 4 5 6 7 |  7.7
Armour         | |  2.1
Shields        | |  3.0

Action                   |  1- 3 |  4- 6 |  7- 9 || total
-------------------------+-------+-------+-------++-------
Melee: Trident           |   119 |   248 |   412 ||   779
Throw: Throwing net      |       |     1 |       ||     1
Evoke: Wand              |       |     3 |     2 ||     5
  Use: Potion            |       |     1 |     2 ||     3
       Scroll            |       |       |    11 ||    11
 Stab: Held in net/web   |       |     1 |       ||     1
Armor: Scale mail        |    57 |    68 |       ||   125
       Ring mail         |       |    11 |    85 ||    96
Dodge: Dodged            |    28 |    45 |    64 ||   137
Block: Kite shield       |    49 |   108 |   233 ||   390
       Reflection        |       |     4 |    11 ||    15
